 Dungeon Crawl Stone Soup version 0.24.1-8-ga250c9d538 (webtiles) character file.

Game seed: 4359304771768949321, levelgen mode: deterministic

43252 Peloso the Carver (level 14, -14/119 (122) HPs)
             Began as a Ghoul Fighter on May 4, 2020.
             Was a High Priest of Okawaru.
             Killed from afar by Azrael (27 damage)
             ... with damnation
             ... on level 13 of the Dungeon.
             The game lasted 01:14:08 (29277 turns).

Peloso the Carver (Ghoul Fighter)                  Turns: 29277, Time: 01:14:09

HP:   -14/119 (122) AC: 15    Str: 24    XL:     14   Next: 23%
MP:   16/16         EV: 11    Int:  3    God:    Okawaru [*****.]
Gold: 1920          SH: 13    Dex:  9    Spells: 13/13 levels left

rFire    + + .     SeeInvis +   a - +2 scimitar (freeze)
rCold    . . .     Gourm    .   c - +1 shield {reflect}
rNeg     + + +     Faith    .   L - +0 fire dragon scales
rPois    ∞         Spirit   .   F - +0 helmet {SInv}
rElec    .         Reflect  +   (no cloak)
rCorr    .         Harm     .   A - +0 pair of gloves
MR       ++...                  H - +0 pair of boots
Stlth    ..........             (no amulet)
HPRegen  0.00/turn              h - ring of protection from magic
MPRegen  0.15/turn              q - ring of flight

@: rotting
A: rotting body, claws 1, carnivore, cold resistance 1, negative energy
resistance 3, inhibited regeneration, torment resistance, unbreathing
a: Heroism, Finesse, Renounce Religion, Evoke Flight


You were on level 13 of the Dungeon.
You worshipped Okawaru.
Okawaru was extremely pleased with you.
You were very hungry.

You visited 3 branches of the dungeon, and saw 16 of its levels.
You also visited: Sewer and Ice Cave.

You collected 2132 gold pieces.
You spent 212 gold pieces at shops.

Inventory:

Hand Weapons
 a - a +2 scimitar of freezing (weapon)
 b - a +1 trident of flaming
 U - a +1 hand axe of flaming
Armour
 c - a +1 shield of reflection (worn)
 v - a +2 plate armour of cold resistance
 x - the +8 chain mail "Pinouno" {Stlth+}
   (You took it off an orc warrior on level 12 of the Dungeon)

   It makes you more stealthy.
 A - a +0 pair of gloves (worn)
 C - a +1 chain mail of magic resistance
 F - a +0 helmet of see invisible (worn)
 H - a +0 pair of boots (worn)
 L - +0 fire dragon scales (worn)
Jewellery
 d - an uncursed ring of protection from magic
 h - a ring of protection from magic (left hand)
 q - a ring of flight (right hand)
 t - a +2 ring of evasion
 u - an uncursed ring of ice
 E - a +5 ring of evasion
 M - a +3 ring of dexterity {unknown}
 P - an uncursed ring of protection from cold {unknown}
 R - an uncursed ring of ice
 V - an uncursed ring of positive energy {unknown}
Wands
 j - a wand of polymorph (13)
 n - a wand of acid (1)
 o - a wand of digging (4)
 s - a wand of random effects (23)
 Q - a wand of flame (10)
Scrolls
 g - 8 scrolls of enchant weapon
 i - 2 scrolls of fear
 p - a scroll of noise
 r - 2 scrolls of teleportation
 B - 2 scrolls of fog
 J - a scroll of enchant armour
 K - 4 scrolls of identify
 O - a scroll of blinking
Potions
 e - a potion of cancellation
 k - 10 potions of flight
 l - a potion of ambrosia
 m - 2 potions of berserk rage
 w - 2 potions of agility
 z - 3 potions of brilliance
 D - a potion of haste
 G - 2 potions of resistance
 I - 3 potions of magic
 N - 2 potions of curing
Miscellaneous
 S - a lightning rod (4/4)
Comestibles
 f - 29 rations


   Skills:
 + Level 10.7 Fighting
 + Level 13.1 Long Blades
 + Level 9.8 Armour
 + Level 4.5 Dodging
 + Level 1.4 Stealth
 + Level 11.4 Shields
 + Level 5.2 Invocations
 + Level 0.6 Evocations


You had 13 spell levels left.
You didn't know any spells.
Your spell library contained the following spells:

 Spells                   Type           Power        Failure   Level  Hunger
 Corona                   Hex            #......      94%         1    ##.....
 Magic Dart               Conj           #...         94%         1    ##.....
 Searing Ray              Conj           #.....       98%         2    ###....
 Slow                     Hex            #.......     98%         2    ###....
 Dazzling Spray           Conj/Hex       #.....       100%        3    ####...
 Inner Flame              Hex/Fire       #.......     100%        3    ####...
 Portal Projectile        Hex/Tloc       #.....       100%        3    ####...
 Cause Fear               Hex            #.........   100%        4    #####..
 Force Lance              Conj/Tloc      #.......     100%        4    #####..
 Fulminant Prism          Conj/Hex       #.........   100%        4    #####..
 Iskenderun's Mystic Bla  Conj           #.......     100%        4    #####..
 Leda's Liquefaction      Hex/Erth       #.........   100%        4    #####..


Dungeon Overview and Level Annotations

Branches:
Dungeon (13/15)            Temple (0/1) D:4            Lair (1/6) D:9
    Orc (2/2) D:11            Elf (0/3) Orc:2         Sewer (visited)
  IceCv (visited)
 Vaults: D:13-14

Altars:
Ashenzari
Cheibriados
Hepliaklqana
Kikubaaqudgha
Okawaru
Qazlal
Trog
Xom

Shops:
D:12 =   Orc:1 %(   Orc:2 *(:[

Annotations:
D:8 2 runed translucent doors
D:13 Azrael
Lair:1 Gastronok, Joseph


Innate Abilities, Weirdness & Mutations

Your body is rotting away.
You thrive on raw meat.
You are immune to poison.
You have sharp fingernails.
You are carnivorous and can eat meat at any time.
Your flesh is cold resistant. (rC+)
You are immune to negative energy. (rN+++)
You do not regenerate when monsters are visible.
You are immune to unholy pain and torment.
You can survive without breathing.


Message History

a +0 falchion; a +0 leather armour; a +0 flail; an orc corpse x2
Butcher an orc corpse? [(y)es/(n)o/(a)ll/(q)uit/?]
Butcher an orc corpse? [(y)es/(n)o/(a)ll/(q)uit/?]
You butcher the orc corpse. x2
Items here: %% )) [ ÷÷ Unknown command.
Azrael gestures at you.
The sphere of damnation explodes!
The damnation engulfs you!!
You hear a bark!
The hell hound barks!
Azrael gestures at you.
The fireball explodes!
The fireball engulfs you. You resist. The hell hound breathes flames at you.
The blast of flame hits you. You resist. Azrael gestures at you.
The sphere of damnation explodes!
The damnation engulfs you!!!
* * * LOW HITPOINT WARNING * * *
There is a stone staircase leading up here.
Azrael gestures at you.
The sphere of damnation explodes!
The damnation engulfs you!!
You die...

.# #.....##.#...,,,,,,,,,,,*,*
.######.###.##.#.###*.#,***,,,*,*
...(........####.# *#.#,##*,,,*,*
..#####.###.####.# *...,.,,,,,*,,
..#####.# #....#.# *#.#.#**,,,**,
#.......# #....#.#**#.#.# *,,,,,,
....###.# ##...#.#*,....* *,,,***
.....##.# #...#.####.### *,,,*,,
#.#..##.####...#@...h...###..,*,,
#.#..##........†........[........
.................?....h.........,
#.##.......#...#.#....R...○....,,
#..........#####......#.###...#**
...........# #.#)####.# #...# *
...........# #.#.####.# #...###
...........# #........###......
...........#####.#.##........h###


You could see Azrael and 2 hell hounds.

Vanquished Creatures
  A frost giant (IceCv)
  An orc warlord (Orc:2)
  A hydra (D:11)
  4 two-headed ogres (D:8)
  A tengu warrior (D:12)
  4 orc high priests (Orc:2)
  A death yak (IceCv)
  Pikel (D:6)
  An unseen horror (D:11)
  A deep elf mage (D:10)
  4 orc sorcerers
  4 orc knights
  An ugly thing (D:12)
  An ice statue (IceCv)
  6 elephants
  A spiny frog (Lair:1)
  A komodo dragon (D:9)
  A rime drake (Lair:1)
  6 trolls
  A hornet (D:8)
  6 slime creatures
  11 polar bears (IceCv)
  4 hippogriffs
  A tarantella (shapeshifter) (D:13)
  A wraith (D:10)
  28 yaks
  A wyvern (D:8)
  2 vampires (D:12)
  2 fire elementals (D:13)
  A steam dragon (D:9)
  A hungry ghost (D:12)
  An acid dragon (D:12)
  4 wargs
  2 water moccasins
  2 hell hounds (D:13)
  2 soldier ants
  A floating eye (shapeshifter) (D:12)
  37 orc warriors
  An ice beast (D:4)
  An eye of draining (D:11)
  A black bear (D:9)
  16 ogres
  4 sky beasts
  2 necrophages
  3 phantoms
  5 crocodiles
  13 wolves (IceCv)
  6 centaurs
  8 bullfrogs
  2 water moccasin zombies
  10 scorpions
  21 killer bees
  A wight (D:6)
  An electric eel (D:12)
  7 howler monkeys
  9 crimson imps
  A quasit (D:8)
  23 orc priests
  3 bullfrog zombies
  5 centaur skeletons
  3 bullfrog skeletons
  7 hounds
  3 jellies
  Ijyb (D:3)
  Terence (D:2)
  11 worker ants
  23 orc wizards
  13 iguanas
  A hound skeleton (D:9)
  2 worker ant zombies
  7 gnolls
  A howler monkey skeleton (D:5)
  A river rat (D:4)
  14 adders
  6 shadow imps
  9 oozes
  2 adder zombies
  6 worms
  A dart slug (D:5)
  9 leopard geckos
  103 orcs
  4 giant cockroaches
  9 goblins
  6 hobgoblins
  16 jackals
  9 quokkas
  2 ball pythons
  14 bats
  7 frilled lizards
  A giant cockroach zombie (D:6)
  4 kobolds
  11 rats
599 creatures vanquished.

Vanquished Creatures (others)
  A slave (D:6)
  A centaur (D:12)
  A bullfrog (D:6)
  A howler monkey (D:6)
  An orc wizard (D:6)
  A jackal (D:6)
  6 fungi
  A plant (Lair:1)
13 creatures vanquished.

Grand Total: 612 creatures vanquished

Notes
Turn   | Place    | Note
-------+----------+-------------------------------------------
     0 | D:1      | Peloso the Ghoul Fighter began the quest for the Orb.
     0 | D:1      | Reached XP level 1. HP: 19/19 MP: 0/0
   218 | D:1      | Reached XP level 2. HP: 26/26 MP: 1/1
   266 | D:1      | Reached skill level 2 in Long Blades
   838 | D:2      | Reached XP level 3. HP: 30/30 MP: 2/2
   884 | D:2      | Noticed Terence
   899 | D:2      | Killed Terence
   899 | D:2      | Reached XP level 4. HP: 3/39 MP: 0/3
  1496 | D:2      | Reached skill level 3 in Long Blades
  1531 | D:2      | Reached XP level 5. HP: 46/46 MP: 4/4
  1823 | D:2      | Found a bloodstained altar of Trog.
  2849 | D:3      | Noticed Ijyb
  2856 | D:3      | Killed Ijyb
  2856 | D:3      | Reached XP level 6. HP: 49/51 MP: 5/5
  2857 | D:3      | Found an ancient bone altar of Kikubaaqudgha.
  2918 | D:3      | Found an iron altar of Okawaru.
  2927 | D:3      | Became a worshipper of Warmaster Okawaru
  3134 | D:4      | Found a glowing drain.
  3316 | D:4      | Reached skill level 1 in Dodging
  3322 | Sewer    | Entered a sewer
  4242 | D:4      | Found a staircase to the Ecumenical Temple.
  4332 | D:4      | Reached skill level 4 in Long Blades
  4361 | D:4      | Reached XP level 7. HP: 33/60 MP: 6/6
  5322 | D:5      | Entered Level 5 of the Dungeon
  5687 | D:5      | Reached skill level 5 in Long Blades
  5711 | D:4      | Reached XP level 8. HP: 42/64 MP: 7/7
  5770 | D:5      | Reached * piety under Okawaru
  5850 | D:4      | Reached skill level 5 in Armour
  6278 | D:4      | Reached skill level 5 in Shields
  6468 | D:5      | Reached skill level 5 in Fighting
  6603 | D:5      | Reached skill level 1 in Invocations
  6640 | D:5      | Reached skill level 6 in Long Blades
  6821 | D:5      | Reached XP level 9. HP: 74/74 MP: 9/9
  7045 | D:5      | Reached ** piety under Okawaru
  7739 | D:6      | Found a bloodstained altar of Trog.
  7772 | D:6      | Reached skill level 7 in Long Blades
  8398 | D:6      | Got a fine leather armour
  8409 | D:6      | Identified the cursed +1 leather armour of Hymo {rN+ Dex+5}
                  | (You found it on level 6 of the Dungeon)
  8487 | D:6      | Noticed Pikel
  8508 | D:6      | Killed Pikel
  8508 | D:6      | Reached *** piety under Okawaru
  8508 | D:6      | Reached skill level 8 in Long Blades
  8522 | D:6      | Reached XP level 10. HP: 67/82 MP: 10/10
  8642 | D:6      | Found a shimmering altar of Xom.
  9570 | D:8      | Noticed a two-headed ogre
  9579 | D:8      | Killed a two-headed ogre
  9579 | D:8      | Reached **** piety under Okawaru
  9656 | D:8      | Reached skill level 9 in Long Blades
  9672 | D:8      | Noticed a two-headed ogre
  9683 | D:8      | Killed a two-headed ogre
  9829 | D:8      | Noticed a two-headed ogre
  9848 | D:8      | Killed a two-headed ogre
  9848 | D:8      | Reached ***** piety under Okawaru
  9848 | D:8      | Reached XP level 11. HP: 23/92 MP: 9/11
 10285 | D:8      | Found a runed translucent door.
 10286 | D:8      | Found a runed translucent door.
 10357 | D:8      | Found a stormy altar of Qazlal.
 10357 | D:8      | Found a shattered altar of Ashenzari.
 10408 | D:8      | Noticed a two-headed ogre
 10420 | D:8      | Killed a two-headed ogre
 10988 | D:8      | Reached skill level 10 in Long Blades
 11724 | D:9      | Reached skill level 1 in Stealth
 12072 | D:9      | Found a hazy altar of Hepliaklqana.
 12082 | D:9      | Found a staircase to the Lair.
 12331 | Lair:1   | Entered Level 1 of the Lair of Beasts
 13987 | Lair:1   | Noticed a six-headed hydra
 13993 | Lair:1   | Reached XP level 12. HP: 30/102 MP: 13/13
 13994 | Lair:1   | Noticed Gastronok
 13994 | Lair:1   | Noticed Joseph
 14521 | D:10     | Entered Level 10 of the Dungeon
 15270 | D:11     | Reached skill level 11 in Long Blades
 15925 | D:11     | Found a staircase to the Orcish Mines.
 16013 | D:11     | Noticed a seven-headed hydra
 16028 | D:11     | Killed a seven-headed hydra
 17708 | D:12     | Noticed a tengu warrior
 17732 | D:12     | Killed a tengu warrior
 17889 | D:12     | Found a snail-covered altar of Cheibriados.
 18930 | D:12     | Found Hootaog's Jewellery Emporium.
 19351 | Orc:1    | Entered Level 1 of the Orcish Mines
 19351 | Orc:1    | Found Qyiq's Weapon Boutique.
 19390 | D:11     | Reached skill level 10 in Shields
 20759 | Orc:1    | Found Otiun's Food Shop.
 21010 | Orc:2    | Entered Level 2 of the Orcish Mines
 21077 | Orc:2    | Paralysed by an orc sorcerer for 5 turns
 21096 | Orc:1    | Reached XP level 13. HP: 31/106 MP: 13/15
 21434 | Orc:1    | Reached skill level 12 in Long Blades
 22269 | Orc:2    | Found a staircase to the Elven Halls.
 22299 | Orc:2    | Found Imon's General Store.
 22302 | Orc:2    | Found Gasetu's Antique Weapon Shoppe.
 22353 | Orc:2    | Bought a potion of might for 56 gold pieces
 22379 | Orc:2    | Bought a runed long sword for 156 gold pieces
 23253 | Orc:2    | Found Biarph Tyikka's Book Boutique.
 23464 | Orc:2    | Noticed an orc warlord
 24009 | Orc:2    | Killed an orc warlord
 24442 | Orc:2    | Found Vocvu's Antique Armour Shop.
 25457 | D:12     | Identified the +8 chain mail "Pinouno" {Stlth+}
 26044 | D:12     | Reached skill level 10 in Fighting
 26878 | D:13     | Found a frozen archway.
 26903 | IceCv    | Entered an ice cave
 26996 | IceCv    | Reached skill level 5 in Invocations
 27597 | IceCv    | Reached XP level 14. HP: 106/122 MP: 16/16
 28045 | IceCv    | Noticed a frost giant
 28072 | IceCv    | Killed a frost giant
 28072 | IceCv    | Reached skill level 13 in Long Blades
 28779 | D:13     | Noticed Azrael
 29277 | D:13     | Killed from afar by Azrael

Levels and vault maps discovered:
D:1:      nicolae_arrival_somewhat_less_tricky_arrival, layout_basic,
          chequers_garden, kennysheep_decorative_pillar, minmay_misc_feat_x
D:2:      layout_rooms, lemuel_round_altar, minmay_misc_feat_diagonals,
          roderic_lattice_a, uniq_terence
D:3:      layout_loops_ring, lemuel_coloured_pillars_altar, okawaru_gym_becter,
          uniq_ijyb
D:4:      layout_gridville, minmay_temple_entry_trees, portal_sewer_entry_a,
          glass_columns_a
D:5:      layout_loops_ring, first_ration, minmay_fractal_squares_diagonal_5
D:6:      layout_rooms, xom_confusion_cloud, trog_book, uniq_pikel
D:7:      layout_rooms
D:8:      lemuel_insect_pit, layout_layer_cave, gammafunk_temple_overflow_wave
D:9:      layout_basic, overflow_temple_1_default, lair_entry_dummy
D:10:     layout_roguey, serial_curves, eino_curves_02, eino_curves_04
D:11:     layout_long_grid, hiddenorc2_lemuel
D:12:     layout_loops_ring, special_room [special_room_orc], basic_altar,
          serial_shops, shop, grunt_tengu_nest, fungi_pond_lemuel,
          hangedman_abyss_or_decor_passed, minmay_liquid_box, evilmike_minifort
D:13:     layout_basic, portal_ice_cave_entry_pillars_1, uniq_snorg, uniq_azrael
Lair:1:   statuecave_lemuel, layout_loops_ring, chequers_serial_rivers_micro_d,
          st_stairs_13, nicolae_quartered_pool_little,
          minmay_lair_oklob_chamber, uniq_joseph, uniq_gastronok
Orc:1:    layout_diamond_mine, serial_shops, nicolae_shop_stone, shop
Orc:2:    grunt_orc_gardens, layout_diamond_mine, grunt_orc_garden,
          grunt_orc_garden, grunt_orc_garden, grunt_orc_garden,
          lightli_orcish_oven

Skill      XL: |  1  2  3  4  5  6  7  8  9 10 11 12 13 14 |
---------------+-------------------------------------------+-----
Long Blades    | 2 3 4 5 6 8 9 10 11 12 13 | 13.1
Shields        | 3 4 5 6 7 8 10 11 | 11.4
Armour         | 3 4 5 6 7 8 9 |  9.8
Fighting       | 4 5 7 8 9 10 | 10.7
Dodging        | 1 2 3 4 |  4.5
Invocations    | 1 2 3 4 5 |  5.2
Stealth        | 1 |  1.4
Evocations     | |  0.6

Action                   |  1- 3 |  4- 6 |  7- 9 | 10-12 | 13-15 || total
-------------------------+-------+-------+-------+-------+-------++-------
Melee: Long sword        |    98 |   336 |   530 |  1520 |    27 ||  2511
       Scimitar          |       |       |       |       |   763 ||   763
Invok: Heroism           |       |       |    11 |    68 |    35 ||   114
 Abil: Evoke Flight      |       |     1 |       |       |     7 ||     8
Evoke: Wand              |       |       |       |    15 |     2 ||    17
  Use: Potion            |     1 |     6 |     2 |     8 |     4 ||    21
       Scroll            |       |     8 |     7 |    13 |     6 ||    34
  Eat: Chunk             |       |    13 |    22 |    56 |    34 ||   125
       Ration            |       |       |     2 |       |     3 ||     5
Armor: Scale mail        |    49 |    57 |       |       |       ||   106
       Chain mail        |       |   119 |   227 |   523 |    63 ||   932
       Plate armour      |       |       |       |       |   186 ||   186
       Fire dragon scale |       |       |       |       |     6 ||     6
Dodge: Dodged            |    41 |    87 |   151 |   508 |   197 ||   984
Block: Shield            |    67 |   250 |   323 |  1121 |   438 ||  2199
       Reflection        |       |       |       |       |     6 ||     6
       Rpst.: Long sword |    15 |    32 |    50 |   148 |     3 ||   248
       Scimitar          |       |       |       |       |    50 ||    50
